 Dungeon Crawl Stone Soup version bcrawl-1.36.4 (webtiles) character file.

Game seed: 16790488913909481276

189422 exe1 the Ducker (level 5, -1/42 HPs)
             Began as a Minotaur Archaeologist on Aug 15, 2022.
             Slain by a goblin (3 damage)
             ... led by Robin
             ... on level 3 of the Dungeon.
             The game lasted 00:09:16 (2247 turns).

exe1 the Ducker (Minotaur Archaeologist)            Turns: 2247, Time: 00:09:17

Health: -1/42      AC:  8    Str: 16    XL:     5   Next: 76%
Magic:  4/4        EV: 11    Int: 15    God:
Gold:   252        SH:  0    Dex:  5    Spells: 4/4 levels left

rFire    + + .     SeeInvis .   j - +0 falchion (freeze)
rCold    + . .     Gourm    .   (no shield)
rNeg     + . .     Faith    .   q - +0 ring mail
rPois    .         Spirit   .   d - +1 hat
rElec    .         Reflect  .   (no cloak)
rCorr    .                      (no gloves)
MR       .....                  u - +1 pair of boots
Stlth    +.........             (no amulet)
HPRegen  0.14/turn              h - ring "Ische" {rF++ rC+ rN+ Int+4 Dex-4}
MPRegen  0.09/turn              (no ring)

@: no status effects
A: retaliatory headbutt, horns 2
a: no special abilities


You were on level 3 of the Dungeon.
You were not hungry.

You visited 1 branch of the dungeon, and saw 3 of its levels.

You collected 252 gold pieces.

Inventory:

Hand Weapons
 a - a +0 whip
 b - a +0 blowgun
 j - a +0 falchion of freezing (weapon)
Missiles
 f - 6 curare-tipped needles
Armour
 c - a +1 robe
 d - a +1 hat (worn)
 q - a +0 ring mail (worn)
 u - a +1 pair of boots (worn)
Jewellery
 h - the ring "Ische" (left hand) {rF++ rC+ rN+ Int+4 Dex-4}
   (You acquired it on level 3 of the Dungeon)

   [ring of positive energy]

   It affects your intelligence (+4).
   It affects your dexterity (-4).
   It greatly protects you from fire.
   It protects you from cold.
   It protects you from negative energy.
 l - a cursed -3 ring of strength {unknown}
 p - an uncursed amulet of rage
 t - a cursed ring of teleportation {unknown}
Wands
 i - a wand of iceblast (12)
Scrolls
 g - a scroll of magic mapping
 k - 2 scrolls of fog {unknown}
 m - a scroll of fear {unknown}
 r - 2 scrolls of immolation {unknown}
 s - a scroll of enchant weapon {unknown}
Potions
 n - a potion of degeneration {unknown}
 o - 3 potions of flight {unknown}
Comestibles
 e - a ration {!d}


   Skills:
 + Level 2.6 Fighting
 + Level 3.6 Long Blades
 + Level 1.5 Maces & Flails
 + Level 1.8 Armour
 + Level 4.3 Dodging
 + Level 3.6 Stealth


You had 4 spell levels left.
You didn't know any spells.
Your spell library was empty.

Dungeon Overview and Level Annotations

Branches:
Dungeon (3/12)

Altars:
Hepliaklqana
Makhleb
Qazlal

Annotations:
D:3 3 runed translucent doors, Robin; yrara's ghost, amateur DsFi


Innate Abilities, Weirdness & Mutations

You reflexively headbutt those who attack you in melee.
You have a pair of horns on your head.


Message History

You are no longer poisoned.
The hobgoblin hits you with a cursed +0 club.
* * * LOW HITPOINT WARNING * * *
The goblin hits you.
* * * LOW HITPOINT WARNING * * *
Robin hits you but does no damage.
You hit the hobgoblin. You freeze the hobgoblin.
The hobgoblin is severely wounded.
The hobgoblin hits you but does no damage.
The goblin hits you but does no damage.
Robin hits you from afar with a +0 trident.
* * * LOW HITPOINT WARNING * * *
You closely miss the hobgoblin. You headbutt the hobgoblin.
You kill the hobgoblin!
The goblin closely misses you. Robin closely misses you.
You barely miss the goblin. The goblin hits you.
* * * LOW HITPOINT WARNING * * *
The goblin hits you but does no damage. Robin closely misses you.
You miss the goblin. The goblin hits you.
You die...

.....###.###
#...^....#
############
##########
#..........
?P⌠P.##
...>.....
.....8##
.......
......$# .....
......%# g..
.....W8# #g#
....WW.# #@#
#+++#########
#g#
............#
#.#
...########.##
#.# ####
#......# #.#
#######.######
#.# ##......#
#.# #..######
#.# ..## ###.#


You could see Robin and 2 goblins.

Vanquished Creatures
  An orc priest (D:3)
  A crimson imp (D:2)
  A bullfrog skeleton (D:3)
  4 adders (D:3)
  3 worms
  3 dart slugs
  8 leopard geckos
  3 orcs
  8 giant cockroaches
  8 goblins
  11 hobgoblins
  3 jackals (D:1)
  A quokka (D:1)
  6 bats
  A frilled lizard (D:1)
  5 kobolds
  8 rats
75 creatures vanquished.

Notes
Turn   | Place    | Note
-------+----------+-------------------------------------------
     0 | D:1      | exe1 the Minotaur Archaeologist began the quest for the
                  | Orb.
     0 | D:1      | Reached XP level 1. HP: 16/16 MP: 0/0
   137 | D:1      | Reached XP level 2. HP: 23/23 MP: 1/1
   426 | D:1      | Reached XP level 3. HP: 25/28 MP: 2/2
   436 | D:1      | Reached skill level 4 in Dodging
   870 | D:2      | Found a stormy altar of Qazlal.
   928 | D:2      | Reached skill level 1 in Long Blades
  1343 | D:2      | Found a burning altar of Makhleb.
  1354 | D:2      | Reached XP level 4. HP: 24/36 MP: 3/3
  1652 | D:3      | Reached XP level 5. HP: 23/41 MP: 4/4
  1652 | D:3      | Identified a scroll of acquirement
  1711 | D:3      | Identified the ring "Ische" {rF++ rC+ rN+ Int+4 Dex-4} (You
                  | acquired it on level 3 of the Dungeon)
  1808 | D:3      | Reached skill level 1 in Armour
  2096 | D:3      | Found a runed translucent gate.
  2097 | D:3      | Found a runed translucent gate.
  2097 | D:3      | Found a runed translucent gate.
  2101 | D:3      | Noticed yrara's ghost (amateur DsFi)
  2101 | D:3      | Noticed yrara's ghost (amateur DsFi)
  2101 | D:3      | Noticed yrara's ghost (amateur DsFi)
  2101 | D:3      | Noticed yrara's ghost (amateur DsFi)
  2153 | D:3      | Found a hazy altar of Hepliaklqana.
  2216 | D:3      | Noticed Robin
  2246 | D:3      | HP: 2/42 [goblin[Robin] (3)]
  2247 | D:3      | Slain by a goblin

Skill      XL: |  1  2  3  4  5 |
---------------+----------------+-----
Stealth        | 3 |  3.6
Dodging        | 4 |  4.3
Long Blades    | 2 3 |  3.6
Fighting       | 2 |  2.6
Armour         | 1 |  1.8
Maces & Flails | |  1.5

Action                   |  1- 3 |  4- 6 || total
-------------------------+-------+-------++-------
Melee: Whip              |    27 |       ||    27
       Headbutt          |    12 |    10 ||    22
       Falchion          |    92 |    83 ||   175
  Use: Scroll            |       |     2 ||     2
 Stab: Sleeping          |     7 |       ||     7
  Eat: Ration            |     2 |     1 ||     3
Armor: Robe              |    36 |       ||    36
       Ring mail         |    15 |    39 ||    54
Dodge: Dodged            |    90 |    65 ||   155
